 Dungeon Crawl Stone Soup version 0.22.0-5-gf09313c (webtiles) character file.

2971 Gorglomux the Cutter (level 9, 0/50 HPs)
             Began as a Vine Stalker Assassin on Aug 13, 2018.
             Was a Believer of Uskayaw.
             Slain by a two-headed ogre
             ... wielding a +0 giant club
              (9 damage)
             ... on level 8 of the Dungeon.
             The game lasted 00:05:16 (7357 turns).

Gorglomux the Cutter (Vine Stalker Assassin)        Turns: 7357, Time: 00:05:17

Health: 0/50       AC: 15    Str: 16    XL:     9   Next: 82%
Magic:  0/10       EV:  7    Int: 11    God:    Uskayaw [**....]
Gold:   516        SH:  0    Dex: 17    Spells: 8/8 levels left

rFire    + . .     SeeInvis .   a - +3 dagger
rCold    . . .     Gourm    .   (no shield)
rNeg     . . .     Faith    .   u - +0 chain mail
rPois    .         Spirit   +   F - +1 hat
rElec    .         Reflect  .   d - +2 cloak
rCorr    .         Harm     .   (no gloves)
MR       +....                  P - +0 pair of boots
Stlth    ..........             I - amulet of magic regeneration
HPRegen  0.56/turn              f - ring of protection from fire
MPRegen  0.37/turn              (no ring)

@: no status effects
A: fangs 3, regeneration 1, magic shield, antimagic bite, no potion heal 3, rot
immunity
a: Stomp, Line Pass, Renounce Religion


You were on level 8 of the Dungeon.
You worshipped Uskayaw.
Uskayaw was noncommittal.
You were not hungry.

You visited 2 branches of the dungeon, and saw 9 of its levels.

You collected 516 gold pieces.

Inventory:

Hand Weapons
 a - a +3 dagger (weapon)
 q - a +0 blowgun
Missiles
 e - 40 poisoned needles
 N - 7 curare-tipped needles
 Z - 2 throwing nets (quivered)
Armour
 d - a +2 cloak (worn)
 u - a +0 chain mail (worn)
 F - a +1 hat (worn)
 P - a +0 pair of boots (worn)
Jewellery
 f - a ring of protection from fire (left hand)
 I - an amulet of magic regeneration (around neck)
 S - a cursed ring of attention {unknown}
Wands
 A - a wand of acid (1)
Scrolls
 z - 3 scrolls of enchant weapon
 B - 2 scrolls of blinking
 G - a scroll of summoning {unknown}
 J - a scroll of amnesia
 K - a scroll of fear {unknown}
 M - a scroll of magic mapping
 R - 6 scrolls of identify
 T - 7 scrolls of teleportation
 U - a scroll of immolation {unknown}
 W - 2 scrolls of random uselessness {unknown}
Potions
 C - 6 potions of curing
 D - a potion of invisibility
 E - 2 potions of brilliance
 H - a potion of flight {unknown}
 O - 4 potions of heal wounds
 Q - a potion of agility {unknown}
 V - a potion of ambrosia {unknown}
 X - 2 potions of cancellation {unknown}
 Y - 2 potions of degeneration {unknown}
Comestibles
 g - 19 rations


   Skills:
 + Level 7.2 Fighting
 + Level 7.2 Short Blades
 - Level 1.7 Throwing
 + Level 6.3 Armour
 - Level 0.7 Dodging
 - Level 4.8 Stealth


You had 8 spell levels left.
You didn't know any spells.
Your spell library contained the following spells:

 Spells                   Type           Power        Failure   Level  Hunger
 Spider Form              Tmut/Pois      #.........   100%        3    ####...
 Blade Hands              Tmut           #.........   100%        5    ######.
 Ice Form                 Ice/Tmut       #.......     100%        4    #####..
 Sticks to Snakes         Tmut           #.......     100%        2    ###....
 Beastly Appendage        Tmut           #.....       99%         1    ##.....


Dungeon Overview and Level Annotations

Branches:
Dungeon (8/15)             Temple (1/1) D:7
   Lair: D:8-11

Altars:
Ashenzari
Cheibriados
Dithmenos
Elyvilon
Hepliaklqana
Okawaru
Trog
Uskayaw
Vehumet
Wu Jian
Xom
Yredelemnul
Zin

Shops:
D:4 =


Innate Abilities, Weirdness & Mutations

You have razor-sharp teeth.
Your natural rate of healing is unusually fast.
When hurt, damage is shared between your health and your magic reserves.
Your bite disrupts and absorbs the magic of your enemies.
Potions cannot restore your health.
You are immune to rotting.


Message History

You completely miss the two-headed ogre!
You bite the two-headed ogre! You drain its power!
You feel invigorated!
The two-headed ogre is moderately wounded!
You closely miss the two-headed ogre!
The two-headed butt is moderately wounded!
The two-butt ogre hits you with a giant club!
The two-headed ogre hits you with a giant spiked club!
A two-butt ogre is nearby!!!
A two-headed ogre butts nearby!!!
Unknown command!
You skewer the two-headed ogre like a kebab!
Your bite misses the two-headed ogre!
The two-headed ogre is moderately wounded!
You spit the two-headed ogre like a pig!
You bite the two-headed ogre! You drain its power!
You feel invigorated!
The two-headed ogre is heavily wounded!
The two-headed ogre hits you with a giant butt!!! * * * don't die
* * * The two-headed ogre hits you with a giant spiked club!!! rip

#...####...........##
#....... ##### ##..........#
##...... #.........##
####### ##.......##
#####....## #.....###
#######......## .
##.....#.......## #.
##....O@.........## #..
##.................##
#.###.........#.........##
#.#..........#..........####
##...........#............##
#............#..............
###........###..............
#..####### #..............
##.(## #.........#....


You could see a two-headed ogre.

Vanquished Creatures
  Pikel (D:4)
  Sigmund (D:6)
  A sky beast (D:5)
  2 ice beasts
  A phantom (D:8)
  An orc warrior (D:7)
  A slave (D:4)
  2 ogres
  2 centaurs (D:7)
  A crocodile (D:7)
  2 bullfrogs (D:7)
  A wyvern skeleton (D:8)
  A water moccasin skeleton (D:5)
  4 killer bees (D:8)
  A bullfrog zombie (D:6)
  4 crimson imps
  2 jellies
  3 orc priests
  A bullfrog skeleton (D:8)
  3 hounds
  Jessica (D:2)
  An iguana (D:8)
  Ijyb (D:4)
  4 orc wizards
  8 worker ants
  A howler monkey zombie (D:8)
  A howler monkey skeleton (D:7)
  3 gnolls (D:6)
  11 adders
  A shadow imp (D:6)
  An ooze (D:4)
  3 adder skeletons
  2 adder zombies
  2 worms
  3 dart slugs
  9 leopard geckos
  30 orcs
  8 bats
  4 giant cockroaches
  8 goblins
  5 hobgoblins
  2 jackals (D:1)
  6 quokkas
  4 ball pythons
  2 frilled lizards
  A jackal skeleton (D:7)
  4 kobolds
  A quokka skeleton (D:6)
  6 rats
168 creatures vanquished.

Notes
Turn   | Place    | Note
-------+----------+-------------------------------------------
     0 | D:1      | Gorglomux the Vine Stalker Assassin began the quest for the Orb.
     0 | D:1      | Reached XP level 1. HP: 11/11 MP: 2/2
   466 | D:1      | Reached XP level 2. HP: 12/15 MP: 1/3
  1257 | D:2      | Reached skill level 1 in Armour
  1362 | D:2      | Reached XP level 3. HP: 16/18 MP: 4/4
  1963 | D:2      | Gained mutation: Your natural rate of healing is unusually fast. [Vine Stalker growth]
  1963 | D:2      | Reached XP level 4. HP: 22/23 MP: 5/5
  2000 | D:2      | Noticed Jessica
  2011 | D:2      | Killed Jessica
  2547 | D:3      | Reached XP level 5. HP: 28/28 MP: 6/6
  2553 | D:3      | Reached skill level 3 in Short Blades
  2569 | D:3      | Reached skill level 3 in Fighting
  2971 | D:4      | Reached XP level 6. HP: 27/32 MP: 5/7
  3026 | D:4      | Noticed a slave
  3026 | D:4      | Noticed a slave
  3027 | D:4      | Noticed Pikel
  3027 | D:4      | Noticed a slave
  3028 | D:4      | Noticed a slave
  3138 | D:4      | Killed Pikel
  3138 | D:4      | Reached skill level 3 in Armour
  3138 | D:4      | Reached XP level 7. HP: 24/38 MP: 8/8
  3364 | D:4      | Found Ephemiog's Jewellery Shoppe.
  3396 | D:4      | Noticed Ijyb
  3415 | D:4      | Killed Ijyb
  3415 | D:4      | Gained mutation: You have razor-sharp teeth. [Vine Stalker growth]
  3415 | D:4      | Reached XP level 8. HP: 25/42 MP: 7/9
  3866 | D:5      | Entered Level 5 of the Dungeon
  4395 | D:5      | Found a shimmering altar of Xom.
  4812 | D:6      | Noticed Sigmund
  4822 | D:6      | Killed Sigmund
  4822 | D:6      | Reached skill level 6 in Fighting
  4822 | D:6      | Reached skill level 6 in Short Blades
  4822 | D:6      | Reached XP level 9. HP: 48/48 MP: 10/10
  5735 | D:7      | Found a staircase to the Ecumenical Temple.
  5765 | Temple   | Entered the Ecumenical Temple
  5877 | Temple   | Became a worshipper of Uskayaw the Reveler
  5940 | D:7      | Reached * piety under Uskayaw
  6086 | D:7      | Reached ** piety under Uskayaw
  6426 | D:7      | Reached *** piety under Uskayaw
  6428 | D:7      | Reached **** piety under Uskayaw
  6433 | D:7      | Reached ***** piety under Uskayaw
  6645 | D:7      | Reached skill level 6 in Armour
  7347 | D:8      | Noticed a two-headed ogre
  7357 | D:8      | Slain by a two-headed ogre

Skill      XL: |  1  2  3  4  5  6  7  8  9 |
---------------+----------------------------+-----
Fighting       | 2 3 4 6 7 |  7.2
Short Blades   | 2 3 4 6 7 |  7.2
Armour         | 1 2 3 4 5 6 |  6.3
Throwing       | |  1.7
Dodging        | |  0.7
Stealth        | |  4.8

Action                   |  1- 3 |  4- 6 |  7- 9 || total
-------------------------+-------+-------+-------++-------
Melee: Dagger            |    96 |   175 |   605 ||   876
       Bite              |    26 |    62 |   193 ||   281
Evoke: Wand              |       |     3 |     2 ||     5
  Use: Scroll            |       |       |    13 ||    13
       Potion            |       |       |     1 ||     1
 Stab: Paralysed         |       |       |     2 ||     2
  Eat: Chunk             |     3 |     4 |    14 ||    21
Armor: Robe              |    13 |       |       ||    13
       Chain mail        |    43 |   123 |   278 ||   444
Dodge: Dodged            |    26 |    49 |   152 ||   227
